 Seeded DCSS version 0.29-a0-359-g541a27f54d (webtiles) character file.

Game seed: 10077074884737061911 (custom seed)

32 ravioli the Magician (level 3, 25/25 HPs)
             Began as a Djinni Earth Elementalist on Apr 27, 2022.
             Was a Believer of Lugonu.
             Quit the game on level 1 of the Dungeon.
             The game lasted 00:02:17 (1025 turns).

ravioli the Magician (Djinni Earth Elementalist)    Turns: 1025, Time: 00:02:18

Health: 25/25      AC:  2    Str:  7    XL:     3   Next: 42%
Gold:   68         EV: 12    Int: 18    God:    Lugonu [**....] SH:  0 Dex: 13

rFire   + + .      SeeInvis .   (no weapon)
rCold   x . .      Faith    .   (no shield)
rNeg    . . .      Spirit   .   b - +0 robe
rPois   ∞          Reflect  .   (no helmet)
rElec   .          Harm     .   (no cloak)
rCorr   .          Rampage  .   (no gloves)
Will    .....                   (boots unavailable)
Stlth   ++........              (no amulet)
HPRegen 0.08/turn               (no ring)
MPRegen 0.00/turn               (no ring)

@: flying
A: sickness immunity, fire resistance 2, cold vulnerability 1, float, innate
caster, HP casting, extra vitality 1
a: Renounce Religion, Depart the Abyss, Bend Space


You were on level 1 of the Dungeon.
You worshipped Lugonu.
Lugonu was pleased with you.
You visited 1 branch of the dungeon, and saw 1 of its levels.

You collected 68 gold pieces.

Inventory:

Hand Weapons
 d - a +2 hunting sling of flaming
Missiles
 a - 57 stones
Armour
 b - a +0 robe (worn)
Scrolls
 c - a scroll of vulnerability {unknown}
 f - a scroll of amnesia {unknown}
 i - a scroll of acquirement {unknown}
 j - a scroll of enchant weapon {unknown}
Potions
 e - a potion of brilliance {unknown}
 g - a potion of curing {unknown}
 h - 2 potions of cancellation {unknown}


   Skills:
 + Level 2.3 Dodging
 + Level 1.7 Stealth
 + Level 3.2 Spellcasting


You couldn't memorise any spells.
You knew the following spells:

 Your Spells              Type           Power      Damage    Failure   Level
a - Sandblast             Erth           28%        2d8       4%          1
b - Passwall              Tmut/Erth      11%        N/A       6%          2
c - Stone Arrow           Conj/Erth      28%        3d8       13%         3
d - Petrify               Tmut/Erth      14%        N/A       38%         4
e - Sting                 Tmut/Pois      56%        1d5       4%          1
Your spell library was empty.

Dungeon Overview and Level Annotations

Branches:
Dungeon (1/15)

Altars:
Lugonu


Innate Abilities, Weirdness & Mutations

You are immune to sickness and miasma.
You are immune to poison.
Your flesh is very heat resistant. (rF++)
You are vulnerable to cold. (rC-)
You float through the air rather than walking.
You learn spells naturally, not from books.
Your magical power is your life essence.
You have superior vitality. (+4 MHP)


Message History

a - 59 stones (gained 27)
Things that are here:
a +0 dagger; a hobgoblin corpse You start resting.
HP restored.
A rat comes into view.
The rat bites you.
Aiming: Sandblast (safe; 4% risk of failure)
Press: ? - help, Q - select action, (/) - cycle Shift-Dir - straight line, f - rat
Aim: a rat (79% to hit)
The blast of sand misses the rat.
The rat misses you.
Unknown command.
Aiming: Sandblast (safe; 4% risk of failure)
Press: ? - help, Q - select action, (/) - cycle Shift-Dir - straight line, f/p - rat
Aim: a rat (79% to hit)
The blast of sand hits the rat.
You kill the rat!
Unknown command.
You now have 64 gold pieces (gained 11).
Found a faded altar of an unknown god.
Found 2 gold pieces.
Found a gold piece.
Found a scroll labelled BOEGEN MUSOOPP.
You now have 65 gold pieces (gained 1).
Found a ring mail and a scroll labelled FERIMA UDONGOASAOTT.
You now have 66 gold pieces (gained 1).
There is a faded altar of an unknown god here.
You now have 67 gold pieces (gained 1).
You now have 68 gold pieces (gained 1).
j - a scroll labelled BOEGEN MUSOOPP
There is a faded altar of an unknown god here.
You can't see any susceptible monsters within range! (Use Z to cast anyway.) Unknown command.
Press < or > to pray at altars.
You cannot tell which god this altar belongs to.
Convert to them anyway?
Lugonu accepts your prayer! Lugonu welcomes you!
You can now depart the Abyss.
You can now bend space around yourself.
Are you sure you want to abandon this character and quit the game? (Confirm with "yes".)

#.#
##...####.........####...#.#
#.#
##.......+.[.....?.+.........
#.#
#......###.........####...#.#
#.# #......# #.......#
##.##.# #.# #.#...## #.....#
###..# #.###.#.### ####...##
#.## #.......# #.....## #.#
#####.### #.≈≈≈.# #.# ##.##
##.≈@≈.## #.#
##...######..≈≈≈..# #.#
#.................# #.#
##...#######.......# #.#
##.## #........... ###
#####.###### .# .# .#


There were no monsters in sight!

Vanquished Creatures
  2 dart slugs (D:1)
  A giant cockroach (D:1)
  A goblin (D:1)
  2 hobgoblins (D:1)
  3 kobolds (D:1)
  A quokka (D:1)
  4 ball pythons (D:1)
  6 bats (D:1)
  3 frilled lizards (D:1)
  6 rats (D:1)
29 creatures vanquished.

Notes
Turn   | Place    | Note
-------+----------+-------------------------------------------
     0 | D:1      | ravioli the Djinni Earth Elementalist began the quest for
                  | the Orb.
     0 | D:1      | Reached XP level 1. HP: 15/15 MP: 0/0
   242 | D:1      | Reached XP level 2. HP: 18/21 MP: 0/0
   663 | D:1      | Reached skill level 3 in Spellcasting
   664 | D:1      | Reached XP level 3. HP: 23/25 MP: 0/0
   664 | D:1      | Learned a level 1 spell: Sting
   991 | D:1      | Found a faded altar of an unknown god.
  1024 | D:1      | Prayed at the altar of an unknown god.
  1024 | D:1      | Became a worshipper of Lugonu the Unformed
  1024 | D:1      | Reached * piety under Lugonu
  1024 | D:1      | Reached ** piety under Lugonu
  1025 | D:1      | Quit the game

Illustrated notes

Levels and vault maps discovered:
D:1:      erik_arrival_blinker_ship, layout_loops_corners,
          hellmonk_ecumenical_altar_pennies_from_heaven, minmay_octomino_e4

Skill      XL: |  1  2 |
---------------+-------+-----
Spellcasting   | 3 |  3.2
Dodging        | |  2.3
Stealth        | |  1.7

Action                   || total
-------------------------++-------
 Cast: Sandblast         ||    37
Armor: Robe              ||     1
Dodge: Dodged            ||    15

Table legend: (Time is in decaauts)
 A = Elapsed time spent in this place.
 B = Non-inter-level travel time spent in this place.
 C = Inter-level travel time spent in this place.
 D = Time resting spent in this place.
 E = Time spent auto-exploring this place.
 F = Levels seen in this place.
 G = Mean time per level.
                   A        B        C        D        E       F      G
               +--------+--------+--------+--------+--------+-----+--------+
         Total |   1025 |   1025 |      0 |    173 |    659 |   1 | 1025.0 |
       Dungeon |   1025 |   1025 |      0 |    173 |    659 |   1 | 1025.0 |
               +--------+--------+--------+--------+--------+-----+--------+

Top non-repeatable levels by time:
     D:1: 1025 daAuts
